 Dungeon Crawl Stone Soup version 0.30.0-30-g96aa6591b8 (webtiles) character file.

Game seed: 1403055509736852940

74 adizb the Trooper (level 4, -2/40 HPs)
             Began as a Hill Orc Fighter on July 1, 2023.
             Slain by a gnoll
             ... wielding a +0 halberd
              (8 damage)
             ... on level 3 of the Dungeon.
             The game lasted 00:04:42 (1122 turns).

adizb the Trooper (Hill Orc Fighter)                Turns: 1122, Time: 00:04:43

Health: -2/40      AC:  9    Str: 20    XL:     4   Next: 28%
Magic:  4/4        EV:  9    Int:  8    God:
Gold:   22         SH:  5    Dex: 16    Spells: 3/3 levels left

rFire   . . .        a - +0 war axe
rCold   . . .        c - +0 buckler
rNeg    . . .        b - +0 scale mail
rPois   .            (no helmet)
rElec   .            e - +0 cloak
rCorr   .            r - +0 pair of gloves
SInv    .            (no boots)
Will    .....        (no amulet) Stlth
                     f - +6 ring of dexterity
HPRegen 0.26/turn    (no ring)
MPRegen 0.09/turn

%: no passive effects
@: no status effects
A: no striking features
a: no special abilities


You were on level 3 of the Dungeon.
You visited 1 branch of the dungeon, and saw 3 of its levels.

You collected 22 gold pieces.

Inventory:

Hand Weapons
 a - a +0 war axe (weapon)
 q - a +0 sling
Missiles
 p - 2 silver javelins (quivered)
Armour
 b - a +0 scale mail (worn)
 c - a +0 buckler (worn)
 e - a +0 cloak (worn)
 r - a +0 pair of gloves (worn)
Jewellery
 f - a +6 ring of dexterity (left hand)
 m - a +6 ring of dexterity
 t - a ring of wizardry
Scrolls
 g - a scroll of teleportation {unknown}
 h - a scroll of brand weapon {unknown}
 j - a scroll of enchant armour {unknown}
 k - a scroll of fog {unknown}
 n - a scroll of noise {unknown}
 s - a scroll of blinking {unknown}
Potions
 d - a potion of might
 i - 3 potions of curing {unknown}
 l - a potion of flight {unknown}
 o - a potion of degeneration {unknown}


   Skills:
 + Level 4.2 Fighting
 * Level 4.2 Axes
 + Level 3.8 Armour
 + Level 3.8 Shields


You had 3 spell levels left.
You didn't know any spells.
Your spell library contained the following spells:

 Spells                   Type           Power      Damage    Failure   Level
 Sandblast                Erth           0%         2d4       83%         1
 Passwall                 Tmut/Erth      0%         N/A       92%         2
 Stone Arrow              Conj/Erth      0%         3d7       99%         3
 Iskenderun's Battlesphe  Conj           0%         2d6       100%        5
 Iron Shot                Conj/Erth      0%         9d1       100%        6
 Spellforged Servitor     Conj/Summ      0%         N/A       100%        7


Dungeon Overview and Level Annotations

Branches:
Dungeon (3/15)

Altars:


Message History

You kill the ball python!
You block the gnoll's attack.
The gnoll hits you from afar with a +0 halberd.
A rat comes into view.
Your Axes skill increases to level 4!
The gnoll attacks as you move away! The gnoll closely misses you.
The gnoll attacks as you move away! You block the gnoll's attack.
The gnoll attacks as you move away! The gnoll closely misses you.
You slash the gnoll!
The gnoll is almost dead.
The gnoll barely misses you.
You hit the gnoll.
You kill the gnoll!
The gnoll hits you from afar with a +0 halberd!
The ball python barely misses you. The ball python grabs you.
The ball python constricts you.
You have reached level 4!
You closely miss the ball python. The ball python bites you.
The ball python constricts you.
The gnoll hits you from afar with a +0 halberd!
You are too injured to fight recklessly!
You are too injured to fight recklessly!
You slash the ball python!
You kill the ball python!
You block the gnoll's attack.
You slash the gnoll!
You kill the gnoll!
The gnoll barely misses you.
The gnoll hits you from afar with a +0 halberd!
The gnoll hits you with a +0 halberd!
* * * LOW HITPOINT WARNING * * *
Things that are here:
a +0 whip; a +0 whip; a ball python corpse You slash the gnoll!
The gnoll is almost dead.
The gnoll misses you.
You barely miss the gnoll.
The gnoll is almost dead.
The gnoll hits you with a +0 halberd!
You die...

.. . . .#####+#.
........## ..
......[.g##########..
....?....@...#.......
........####.#.......
......).# #.#.......
..r.....# #.#.......
#.......# #.#.......
........# #...#
.r......#
###.##########
.########
#.##.......#
#.##.......##


You could see a gnoll and a rat.

Vanquished Creatures
  3 gnolls (D:3)
  A worm (D:2)
  3 dart slugs (D:1)
  3 ball pythons (D:3)
  3 endoplasms (D:1)
  3 giant cockroaches
  A goblin (D:2)
  3 hobgoblins (D:1)
  3 kobolds (D:2)
  A quokka (D:1)
  6 bats
  A frilled lizard (D:3)
  5 rats
36 creatures vanquished.

Notes
Turn   | Place    | Note
-------+----------+-------------------------------------------
     0 | D:1      | adizb the Hill Orc Fighter began the quest for the Orb.
     0 | D:1      | Reached XP level 1. HP: 19/19 MP: 1/1
    23 | D:1      | Reached XP level 2. HP: 24/27 MP: 2/2
   458 | D:2      | Reached XP level 3. HP: 33/33 MP: 3/3
   599 | D:2      | Found a faded altar of an unknown god.
  1117 | D:3      | Reached XP level 4. HP: 30/40 MP: 4/4
  1122 | D:3      | Slain by a gnoll

Illustrated notes

Levels and vault maps discovered:
D:1:      amcnicky_arrival_choice, layout_rooms
D:2:      layout_basic, hellmonk_ecumenical_altar_lost_god
D:3:      layout_basic, uniq_terence

Skill      XL: |  1  2  3 |
---------------+----------+-----
Axes           | 3 4 |  4.2
Fighting       | 4 |  4.2
Armour         | |  3.8
Shields        | |  3.8

Action                     |  1- 3 |  4- 6 || total
---------------------------+-------+-------++-------
  Melee: War axe           |    69 |     5 ||    74
   Fire: Sling             |     1 |       ||     1
 Armour: Scale mail        |    36 |       ||    36
  Dodge: Dodged            |    46 |     2 ||    48
  Block: Buckler           |    28 |     1 ||    29
